 Dungeon Crawl Stone Soup version 0.26-a0-778-g3fe0686644 (webtiles) character file.

Game seed: 224333816768508118

6486 reriks the Fighter (level 11, -1/117 HPs)
             Began as an Ogre Monk on Nov 11, 2020.
             Was the Champion of Cheibriados.
             Killed from afar by an electric eel (4 damage)
             ... with a bolt of electricity
             ... on level 9 of the Dungeon.
             The game lasted 00:15:11 (10890 turns).

reriks the Fighter (Ogre Monk)                     Turns: 10890, Time: 00:15:12

Health: -1/117     AC: 15    Str: 35    XL:     11   Next: 0%
Magic:  11/16      EV: 16    Int: 26    God:    Cheibriados [******]
Gold:   76         SH:  0    Dex: 26    Spells: 4/10 levels left

rFire    . . .     SeeInvis .   t - +2 dire flail (protect)
rCold    + + .     Faith    +   (shield currently unavailable)
rNeg     . . .     Spirit   .   J - +2 robe {MR+}
rPois    +         Reflect  .   (helmet restricted)
rElec    .         Harm     .   B - +2 cloak
rCorr    .         Rampage  .   (gloves unavailable)
MR       +++..     Rnd*Tele +   (boots unavailable)
Stlth    ++........             l - amulet of faith (curse)
HPRegen  0.29/turn              g - ring of protection from cold
MPRegen  0.15/turn              f - ring of protection from magic

@: protection aura, very slow
A: large, unfitting armour, talons 1, cold resistance 1, poison resistance,
teleportitis 1, tough skin 1
a: Bend Time, Temporal Distortion, Slouch, Step From Time, Renounce Religion


You were on level 9 of the Dungeon.
You worshipped Cheibriados.
Cheibriados was exalted by your worship.
You visited 2 branches of the dungeon, and saw 10 of its levels.
You also visited: Sewer.

You collected 360 gold pieces.
You spent 284 gold pieces at shops.

Inventory:

Hand Weapons
 a - a +0 mace
 e - a +2 whip of holy wrath
 t - a +2 dire flail of protection (weapon)
 u - a +0 giant spiked club
 v - a +0 whip
 D - a +0 morningstar of protection
 I - a +0 triple sword
Armour
 b - a +1 robe
 B - a +2 cloak (worn)
 G - a +1 robe of magic resistance
 J - a +2 robe of magic resistance (worn)
Jewellery
 f - a ring of protection from magic (right hand)
 g - a ring of protection from cold (left hand)
 l - a cursed amulet of faith (around neck)
 L - an uncursed amulet of magic regeneration {unknown}
Wands
 m - a wand of paralysis (4)
 x - a wand of digging (2)
 A - a wand of acid (12)
 E - a wand of disintegration (12)
Scrolls
 d - 8 scrolls of remove curse
 i - 6 scrolls of teleportation
 q - 2 scrolls of enchant armour
 s - a scroll of fear
 w - 2 scrolls of identify
 y - a scroll of fog
 z - 2 scrolls of silence {unknown}
 F - a scroll of blinking
Potions
 c - 4 potions of curing
 h - a potion of magic
 j - a potion of berserk rage
 k - 3 potions of lignification
 n - 5 potions of flight
 o - a potion of invisibility {unknown}
 p - 6 potions of heal wounds
 r - a potion of haste {unknown}
 C - a potion of might {unknown}
 H - a potion of degeneration {unknown}
 K - a potion of attraction {unknown}


   Skills:
 + Level 9.7 Fighting
 * Level 9.3 Maces & Flails
 + Level 5.3 Armour
 + Level 6.8 Dodging
 - Level 1.4 Stealth
 + Level 6.8 Invocations


You had 4 spell levels left.
You knew the following spells:

 Your Spells              Type           Power        Failure   Level
a - Magic Dart            Conj           #...         13%         1
b - Mephitic Cloud        Conj/Pois/Air  #.......     36%         3
c - Blink                 Tloc           N/A          19%         2

Your spell library contained the following spells:

 Spells                   Type           Power        Failure   Level
 Call Imp                 Summ           #.......     19%         2
 Slow                     Hex            #.......     19%         2
 Conjure Flame            Conj/Fire      #.......     36%         3


Dungeon Overview and Level Annotations

Branches:
Dungeon (9/15)             Temple (1/1) D:4           Sewer (visited)
   Lair: D:8-11         Orc: D:9-12

Altars:
Ashenzari
Cheibriados
Dithmenos
Elyvilon
Fedhas
Gozag
Hepliaklqana
Kikubaaqudgha
Makhleb
Nemelex Xobeh
Okawaru
Ru
Trog
Uskayaw
Wu Jian
Xom
Yredelemnul
Zin
The Shining One

Shops:
D:6 !(!   D:7 *   D:9 !


Innate Abilities, Weirdness & Mutations

You are too large for most types of armour.
You have tough skin. (AC +1)
You have sharp toenails.
Your flesh is cold resistant. (rC+)
Your system is resistant to poisons. (rPois)
You are occasionally teleported next to monsters.


Message History

The centaur shoots an arrow.
The arrow completely misses you.
The electric eel shoots out a bolt of lightning at you!
The bolt of electricity hits you!
* * * LOW HITPOINT WARNING * * *
The troll misses you. The troll claws you but does no damage.
The troll claws you.
* * * LOW HITPOINT WARNING * * *
You bludgeon the troll!!
You kill the troll!
Cheibriados thoroughly appreciates the change of pace.
You have reached level 11!
The centaur shoots an arrow.
The arrow barely misses you.
The electric eel shoots out a bolt of lightning at you!
The bolt of electricity misses you.
The centaur shoots an arrow.
The arrow hits you!
* * * LOW HITPOINT WARNING * * *
The centaur shoots an arrow.
The arrow hits you but does no damage.
The electric eel shoots out a bolt of lightning at you!
The bolt of electricity hits you.
You die...

#.## #...........#
####...#####.#########.#
.≈.≈...≈.≈##.# #†∩.
≈.≈.≈...≈)##.# #...
.≈.≈o≈.≈.≈##.# #...
≈.≈.≈...≈.##(###### #...
.≈.≈.≈..................
≈.≈.≈c..≈..#.#.#########
.≈.≈.≈.@(.)#.#... ..
≈.≈.≈.;.†((#.P ... ##
.≈.≈.≈.≈..(#......#
≈.≈.≈.≈....#.PP..##
.≈.≈.≈.≈...#.P...#
≈.≈.≈.≈.≈..#.#####
.≈.≈.≈.≈.≈.#
≈.≈.≈?≈.≈...
≈.≈.≈|≈.≈#..


You could see a centaur, an electric eel and an orc.

Vanquished Creatures
  2 two-headed ogres (D:8)
  Pikel (D:8)
  A troll (D:9)
  A hornet (D:8)
  2 wraiths (D:7)
  Eustachio (D:5)
  Edmund (D:5)
  4 ice beasts
  An orc warrior (D:7)
  A phantom (D:4)
  2 sky beasts
  5 ogres
  3 centaurs
  11 bullfrogs
  A water moccasin zombie (D:3)
  3 scorpions
  A troll zombie (D:7)
  5 wights (D:7)
  2 howler monkeys
  2 electric eels (D:9)
  An orc priest (D:8)
  5 hounds
  Crazy Yiuf (D:5)
  A jelly (D:9)
  2 bullfrog skeletons
  8 human zombies (D:7)
  An iguana (D:4)
  4 orc wizards
  5 worker ants
  A hound zombie (D:7)
  A hound skeleton (D:7)
  A mummy (D:7)
  A worker ant zombie (D:9)
  6 adders
  4 gnolls (D:6)
  2 shadow imps
  3 white imps
  3 oozes
  An adder zombie (D:9)
  An adder skeleton (D:5)
  3 worms
  9 leopard geckos
  10 orcs
  5 ball pythons
  11 bats
  15 giant cockroaches
  3 goblins (D:1)
  4 hobgoblins
  13 jackals
  5 quokkas
  10 frilled lizards
  A jackal skeleton (D:5)
  8 kobolds
  4 leopard gecko skeletons
  8 rats
211 creatures vanquished.

Vanquished Creatures (others)
  A white imp (D:9)
  A withered plant (D:9)
2 creatures vanquished.

Grand Total: 213 creatures vanquished

Notes
Turn   | Place    | Note
-------+----------+-------------------------------------------
     0 | D:1      | reriks the Ogre Monk began the quest for the Orb.
     0 | D:1      | Reached XP level 1. HP: 24/24 MP: 1/1
   151 | D:1      | Reached XP level 2. HP: 32/32 MP: 2/2
   585 | D:1      | Reached XP level 3. HP: 37/40 MP: 3/3
  1135 | D:2      | Found a white marble altar of Elyvilon.
  1484 | D:2      | Found an iron altar of Okawaru.
  1742 | D:2      | Reached skill level 1 in Armour
  1831 | D:2      | Reached XP level 4. HP: 47/49 MP: 4/4
  1863 | D:2      | Found a blossoming altar of Fedhas.
  1956 | D:2      | Found a hide-covered altar of Uskayaw.
  2112 | D:3      | Found a shimmering altar of Xom.
  2596 | D:3      | Reached XP level 5. HP: 38/55 MP: 5/5
  2892 | D:3      | Found a sacrificial altar of Ru.
  3049 | D:3      | Reached skill level 5 in Fighting
  3087 | D:3      | You fall into a shaft and drop 1 floor!
  3104 | D:5      | Entered Level 5 of the Dungeon
  3110 | D:5      | Noticed an ice beast
  3289 | D:4      | Noticed an ogre
  3394 | D:4      | Found a staircase to the Ecumenical Temple.
  3403 | Temple   | Entered the Ecumenical Temple
  3530 | Temple   | Became a worshipper of Cheibriados the Contemplative
  3530 | Temple   | Reached * piety under Cheibriados
  3530 | Temple   | Reached ** piety under Cheibriados
  3611 | D:4      | Reached XP level 6. HP: 47/66 MP: 6/6
  3793 | D:4      | Noticed a phantom
  3812 | D:4      | Killed a phantom
  3812 | D:4      | Reached skill level 1 in Invocations
  3979 | D:4      | Reached XP level 7. HP: 48/72 MP: 6/8
  4817 | D:5      | Reached skill level 5 in Maces & Flails
  4861 | D:5      | Noticed Edmund
  4876 | D:5      | Killed Edmund
  5123 | D:5      | Reached XP level 8. HP: 48/83 MP: 8/10
  5396 | D:5      | Noticed Eustachio
  5417 | D:5      | Killed Eustachio
  5717 | D:5      | Found a runed translucent door.
  5718 | D:5      | Noticed Crazy Yiuf
  5748 | D:5      | Reached *** piety under Cheibriados
  5936 | D:5      | Killed Crazy Yiuf
  6069 | D:6      | Found Otialol's Antique Weapon Boutique.
  6268 | D:6      | Found Vuthafih's Distillery.
  6271 | D:6      | Bought a potion of curing for 30 gold pieces
  6271 | D:6      | Bought a potion of curing for 30 gold pieces
  6293 | D:6      | Found a glowing drain.
  6306 | Sewer    | Entered a sewer
  6367 | Sewer    | Reached **** piety under Cheibriados
  6511 | Sewer    | Reached skill level 5 in Dodging
  6513 | Sewer    | Reached XP level 9. HP: 87/93 MP: 10/12
  6934 | D:6      | Found a shadowy altar of Dithmenos.
  7044 | D:6      | Found Ygetrip's Distillery.
  7495 | D:7      | Found Xauqu's Assorted Antiques.
  7668 | D:7      | Reached ***** piety under Cheibriados
  8349 | D:7      | Found an ancient bone altar of Kikubaaqudgha.
  8371 | D:7      | Reached skill level 5 in Invocations
  9539 | D:8      | Learned a level 1 spell: Magic Dart
  9543 | D:8      | Learned a level 3 spell: Mephitic Cloud
  9546 | D:8      | Learned a level 2 spell: Blink
  9603 | D:8      | Reached XP level 10. HP: 106/106 MP: 14/14
  9639 | D:8      | Noticed a two-headed ogre
  9644 | D:8      | Killed a two-headed ogre
  9802 | D:8      | Noticed a two-headed ogre
  9813 | D:8      | Killed a two-headed ogre
 10028 | D:8      | Found a shadowy altar of Dithmenos.
 10033 | D:8      | Reached skill level 5 in Armour
 10061 | D:8      | Found a bloodstained altar of Trog.
 10205 | D:8      | Noticed Pikel
 10221 | D:8      | Killed Pikel
 10316 | D:8      | Reached ****** piety under Cheibriados
 10598 | D:8      | Found a glowing golden altar of the Shining One.
 10703 | D:8      | Found a hazy altar of Hepliaklqana.
 10769 | D:9      | Found Ituyckud's Distillery.
 10782 | D:9      | Bought a potion of mutation for 112 gold pieces
 10782 | D:9      | Bought a potion of mutation for 112 gold pieces
 10782 | D:9      | Gained mutation: You have sharp toenails. [potion of
                  | mutation]
 10782 | D:9      | Gained mutation: Your body sometimes deteriorates upon
                  | taking damage. [potion of mutation]
 10782 | D:9      | Gained mutation: You possess an exceptional clarity of
                  | mind. [potion of mutation]
 10783 | D:9      | Lost mutation: Your body sometimes deteriorates upon taking
                  | damage. [potion of mutation]
 10783 | D:9      | Lost mutation: You possess an exceptional clarity of mind.
                  | [potion of mutation]
 10783 | D:9      | Gained mutation: You are occasionally teleported next to
                  | monsters. [potion of mutation]
 10783 | D:9      | Gained mutation: Your flesh is cold resistant. (rC+)
                  | [potion of mutation]
 10783 | D:9      | Gained mutation: Your system is resistant to poisons.
                  | (rPois) [potion of mutation]
 10889 | D:9      | Reached XP level 11. HP: 14/117 MP: 11/16
 10890 | D:9      | HP: 3/117 [centaur/arrow (11)]
 10890 | D:9      | Killed from afar by an electric eel

Illustrated notes

Levels and vault maps discovered:
D:1:      dpeg_arrival_central, layout_basic, minmay_unequal
D:2:      layout_basic, lemuel_coloured_pillars_altar,
          overflow_temple_1_default, elyvilon_altar_5, fedhas_altar_1
D:3:      layout_loops_ring, old_standard_altar, nicolae_ru_sacrificial_ziggurat
D:4:      layout_cave_pools, minmay_temple_entry_poolview, serial_glass,
          glass_columns_c, glass_columns_b, glass_columns_b, glass_columns_a,
          glass_columns_a, glass_columns_b, glass_columns_a, glass_columns_c
D:5:      layout_loops_ring, uniq_edmund, uniq_crazy_yiuf_cottage,
          uniq_eustachio
D:6:      layout_loops_ring, serial_shops, shop, kennysheep_mini_moat,
          nicolae_shop_stone, portal_sewer_entry_f, kennysheep_cluttered_room,
          nicolae_dithmenos_the_darkroom
D:7:      layout_basic, lemuel_mausoleum_altar_kikubaaqudgha, serial_shops, shop
D:8:      layout_loops_ring, riverfiend_overflow_shadow_ancestor,
          kennysheep_mini, bloody_trog, st_stairs_3, uniq_pikel
D:9:      layout_basic, chequers_temple_overflow_statue_of_worship,
          led_sif_book, serial_shops, shop, serial_undead, serial_undead_a,
          serial_undead_b, serial_undead_e, serial_undead_a, serial_bayou_pond_a
Temple:   nicolae_temple_figure_zero

Skill      XL: |  1  2  3  4  5  6  7  8  9 10 |
---------------+-------------------------------+-----
Maces & Flails | 3 4 5 6 8 9 |  9.3
Dodging        | 3 4 5 6 |  6.8
Armour         | 1 2 3 4 5 |  5.3
Fighting       | 5 6 7 8 9 |  9.7
Invocations    | 1 2 4 5 6 |  6.8
Stealth        | |  1.4

Action                   |  1- 3 |  4- 6 |  7- 9 | 10-12 || total
-------------------------+-------+-------+-------+-------++-------
Melee: Mace              |    19 |       |       |       ||    19
       Whip              |   100 |   158 |     7 |       ||   265
       Giant spiked club |       |       |    16 |       ||    16
       Dire flail        |       |       |   319 |   101 ||   420
       Kick              |       |       |       |    14 ||    14
Invok: Bend Time         |       |       |     2 |       ||     2
       Temporal Distorti |       |       |       |     2 ||     2
Evoke: Wand              |       |       |     2 |     5 ||     7
  Use: Scroll            |       |    12 |     4 |       ||    16
       Potion            |       |       |       |     2 ||     2
 Stab: Sleeping          |     2 |     5 |     5 |       ||    12
       Paralysed         |       |       |     7 |       ||     7
       Distracted        |       |       |     1 |       ||     1
Armor: Robe              |    39 |    40 |   130 |    29 ||   238
Dodge: Dodged            |    69 |    65 |   255 |    94 ||   483

Table legend: (Time is in decaauts)
 A = Elapsed time spent in this place.
 B = Non-inter-level travel time spent in this place.
 C = Inter-level travel time spent in this place.
 D = Time resting spent in this place.
 E = Time spent auto-exploring this place.
 F = Levels seen in this place.
 G = Mean time per level.
                   A        B        C        D        E       F      G
               +--------+--------+--------+--------+--------+-----+--------+
         Total |  13900 |  13334 |    566 |   3161 |   7728 |  11 | 1263.6 |
       Dungeon |  12640 |  12105 |    535 |   3141 |   6986 |   9 | 1404.4 |
        Temple |    144 |    114 |     30 |      0 |    107 |   1 |  144.0 |
         Sewer |   1115 |   1115 |      0 |     19 |    635 |   1 | 1115.0 |
               +--------+--------+--------+--------+--------+-----+--------+

Top non-repeatable levels by time:
     D:7: 2732 daAuts
     D:8: 1929 daAuts
     D:4: 1594 daAuts
     D:5: 1530 daAuts
     D:3: 1297 daAuts
     D:6: 1292 daAuts
   Sewer: 1115 daAuts
     D:1: 1060 daAuts
     D:2: 1018 daAuts
     D:9: 184 daAuts
  Temple: 144 daAuts
